 Dungeon Crawl Stone Soup version 0.31-a0-358-gac0dbeb3ab (webtiles) character file.

Game seed: 13526613119083044616

42 AIAndy the Ruffian (level 3, -10/23 HPs)
             Began as an Octopode Shapeshifter on July 25, 2023.
             Mangled by an ice beast (12 damage)
             ... on level 3 of the Dungeon.
             The game lasted 00:02:38 (1483 turns).

AIAndy the Ruffian (Octopode Shapeshifter)          Turns: 1483, Time: 00:02:38

Health: -10/23     AC:  1    Str: 16    XL:     3   Next: 54%
Magic:  3/3        EV: 13    Int: 10    God:
Gold:   70         SH:  0    Dex: 12    Spells: 2/2 levels left

rFire   . .          .
                       - Unarmed
rCold   . . .        (no shield)
rNeg    . . .        (helmet currently unavailable)
rPois   .            (no amulet)
rElec   .            R - ring of resist corrosion
rCorr   +            (no ring)
SInv    .            (no ring)
Will    .....        (no ring)
Stlth   ++           (no ring)
HPRegen 0.23/turn    (no ring)
MPRegen 0.08/turn    (no ring)
                     (no ring)

%: no passive effects
@: beast-form
A: beast (slay +2), almost no armour, amphibious, 8 rings, camouflage 1,
gelatinous body 1, (nimble swimmer 1), tentacles
a: Begin Untransformation


You were on level 3 of the Dungeon.
You were a hulking beast.
You visited 1 branch of the dungeon, and saw 3 of its levels.

You collected 70 gold pieces.


Innate Abilities, Weirdness & Mutations

You are a hulking beast.
Your limbs bulge with bestial killing power. (Slay +2)
You cannot wear most types of armour.
You are amphibious.
You can wear up to eight rings at the same time.
Your skin changes colour to match your surroundings (Stealth+).
Your rubbery body absorbs attacks. (AC +1, EV +1)
((You are camouflaged when in or above water. (Stealth+)))
You have tentacles for arms and can constrict up to eight enemies at once.


   Skills:
 - Level 1.0 Fighting
 - Level 2.0 Dodging
 + Level 3.8 Unarmed Combat
 * Level 3.5 Shapeshifting


You had 2 spell levels left.
You didn't know any spells.
Your spell library was empty.

Inventory:

Jewellery
 R - a ring of resist corrosion (left tentacle)
Talismans
 b - a beast talisman
 g - a maw talisman
Scrolls
 c - 2 scrolls of identify {unknown}
 f - 2 scrolls of poison {unknown}
 h - a scroll of noise {unknown}
 i - a scroll of blinking {unknown}
 j - a scroll of teleportation {unknown}
Potions
 a - a potion of lignification {!q}
 d - 2 potions of heal wounds {unknown}
 e - 2 potions of curing {unknown}

Dungeon Overview and Level Annotations

Branches:
Dungeon (3/15)

Altars:
Xom

.#.##.. ### ......
..# ##..#.#
#.###...#.#
#.#....#.# ###
...#....####.#
.....#.#.$........
#...Yh.....#
#.###...#..#
#####..# #..# ##▒
#..##...▒▒▒
#.........▒
#..##.##### #..# #
#..##.#


You could see an ice beast.


Message History

Found 11 gold pieces.
An ice beast comes into view.
The helpless ice beast fails to defend itself.
You tentacle-slap the ice beast. You squeeze the ice beast.
The ice beast is moderately wounded.
The ice beast misses you.
You barely miss the ice beast.
The ice beast is moderately wounded.
The ice beast barely misses you.
You tentacle-slap the ice beast but do no damage.
The ice beast is moderately wounded.
You tentacle-slap the ice beast.
The ice beast is moderately wounded.
The ice beast completely misses you.
You tentacle-slap the ice beast but do no damage.
Your squeeze misses the ice beast.
The ice beast is moderately wounded.
The ice beast misses you.
You tentacle-slap the ice beast.
The ice beast is heavily wounded.
The ice beast hits you. The ice beast freezes you!
Ouch! That really hurt!
* * * LOW HITPOINT WARNING * * *
You barely miss the ice beast.
The ice beast is heavily wounded.
The ice beast hits you.
* * * LOW HITPOINT WARNING * * *
The ice beast freezes you!
Ouch! That really hurt!
You die...

Action                     || total
---------------------------++-------
  Melee: Unarmed           ||    61
         Constrict         ||    19
         Tentacles         ||    11
         Punch             ||     1
   Stab: Sleeping          ||     8
 Armour: Skin              ||     2
  Dodge: Dodged            ||    36

Levels and vault maps discovered:
D:1:      psy_arrival_conway, layout_basic,
          hellmonk_ecumenical_altar_slurped_away, nrook_mini_backslash
D:2:      layout_basic, basic_altar
D:3:      layout_loops_ring, pf_guarded_unrand_meek

Notes
Turn   | Place    | Note
-------+----------+-------------------------------------------
     0 | D:1      | AIAndy the Octopode Shapeshifter began the quest for the
                  | Orb.
     0 | D:1      | Reached XP level 1. HP: 13/13 MP: 1/1
   187 | D:1      | Reached XP level 2. HP: 18/18 MP: 2/2
   343 | D:1      | Found a faded altar of an unknown god.
   927 | D:2      | Reached XP level 3. HP: 19/23 MP: 3/3
  1104 | D:2      | Found a shimmering altar of Xom.
  1472 | D:3      | Noticed an ice beast
  1483 | D:3      | HP: 2/23 [ice beast (5)]
  1483 | D:3      | Mangled by an ice beast

Vanquished Creatures
  A worm (D:2)
  2 dart slugs
  6 bats
  6 endoplasms
  2 giant cockroaches (D:1)
  4 hobgoblins
  3 ball pythons
  3 frilled lizards
  2 goblins
  3 kobolds
  2 rats (D:1)
34 creatures vanquished.

Table legend: (Time is in decaauts)
 A = Elapsed time spent in this place.
 B = Non-inter-level travel time spent in this place.
 C = Inter-level travel time spent in this place.
 D = Time resting spent in this place.
 E = Time spent auto-exploring this place.
 F = Levels seen in this place.
 G = Mean time per level.
                   A        B        C        D        E       F      G
               +--------+--------+--------+--------+--------+-----+--------+
         Total |   1477 |   1420 |     57 |      0 |   1181 |   3 |  492.3 |
       Dungeon |   1477 |   1420 |     57 |      0 |   1181 |   3 |  492.3 |
               +--------+--------+--------+--------+--------+-----+--------+

Top non-repeatable levels by time:
     D:1: 912 daAuts
     D:2: 518 daAuts
     D:3: 46 daAuts

Table legend:
 A = Non-vault XP
 B = Vault XP
 C = Vault XP percentage of total XP
 D = Non-vault monster count
 E = Vault monster count
 F = Vault count percentage of total count
                 A         B        C        D         E       F
            +---------+---------+-------+---------+---------+-------
      Total |      58 |       2 |   3.3 |      33 |       1 |   2.9
            +---------+---------+-------+---------+---------+-------
        D:1 |      30 |       2 |   6.2 |      18 |       1 |   5.3
        D:2 |      28 |       0 |   0.0 |      15 |       0 |   0.0
            +---------+---------+-------+---------+---------+-------
